Princes vs Machettes
Created - 8 mars 2013 at 19:10
Goals
|
| Princes |
1 |
2 |
4 |
7 |
| Machettes |
2 |
1 |
0 |
3 |
|
Shots
|
| Princes |
17 |
16 |
12 |
45 |
| Machettes |
9 |
8 |
14 |
31 |
|
1st period
1. Machettes , James Wisniewski 6 (Sergei Kostitsyn, Stefan Ruzicka) at 6:54 (PP)
2. Machettes , Tom Gilbert 6 (Keith Yandle, James Wisniewski) at 12:16 (PP)
3. Princes , Gilbert Brule 27 (Michael Nylander) at 17:09
Penalties :
Kevin Shattenkirk (Cal) for Holding (Minor) at 5:59, Tom Gilbert (CLM) for Holding (Minor) at 9:58, David Perron (Cal) for Interference (Minor) at 10:42, Stefan Ruzicka (CLM) for Hooking (Minor) at 12:21, Tyler McNeely (CLM) for Hooking (Minor) at 17:54
2nd period
4. Machettes , Stefan Ruzicka 28 (Mike Lundin, Sergei Kostitsyn) at 0:28
5. Princes , Brad Winchester 23 (Michael Nylander, Rhett Warrener) at 0:56
6. Princes , Michael Nylander 32 (Brad Winchester) at 4:20 (PP)
Penalties :
Stefan Ruzicka (CLM) for Fighting (Major) at 0:43, Brian McGrattan (Cal) for Fighting (Major) at 0:43, Tyler McNeely (CLM) for Hooking (Minor) at 4:14, Rostislav Klesla (Cal) for Hooking (Minor) at 10:30
3rd period
7. Princes , Rhett Warrener 1 (Brian McGrattan, Michael Nylander) at 1:39
8. Princes , Sergei Shirokov 29 (Rhett Warrener, Patric Hornqvist) at 4:04
9. Princes , Gilbert Brule 28 (David Perron, Rhett Warrener) at 13:35
10. Princes , Brad Winchester 24 (Michael Nylander, Rostislav Klesla) at 15:50
Penalties :
Mike Lundin (CLM) for Goalie Interference (Minor) at 7:17, Cory Emmerton (CLM) for Hooking (Minor) at 19:00
Goalie Stats
Jonathan Bernier (Cal), 28 saves from 31 shots - (0,903), W, 17-8-4, 60:00 minutes
Mathieu Garon (CLM), 38 saves from 45 shots - (0,844), L, 17-12-5, 60:00 minutes
Players Stats for Princes
Player Name G A P +/- PIM S H SB GA TA FO MP PP MP PK MP
------------------------------------------------------------------------------------
Brad Winchester 2 1 3 2 0 7 1 2 2 0 3/3 20:55 4:07 0:52
Brian McGrattan 0 1 1 1 5 9 2 0 0 0 2/4 22:24 4:01 2:02
Colin Fraser 0 0 0 1 0 0 0 0 0 0 3/7 9:57 0:01 0:00
David Perron 0 1 1 2 2 2 2 0 1 0 0/0 15:30 3:16 0:00
Gilbert Brule 2 0 2 2 0 5 3 0 1 1 4/14 15:30 3:16 0:00
Jonathan Tremblay 0 0 0 0 0 0 2 0 0 0 0/0 8:37 0:23 0:00
Kevin Shattenkirk 0 0 0 1 2 1 0 0 0 0 0/0 16:01 1:20 0:00
Mason Raymond 0 0 0 0 0 2 2 0 0 0 0/0 7:37 0:20 0:00
Michael Haley 0 0 0 0 0 0 0 0 0 0 0/0 0:00 0:00 0:00
Michael Nylander 1 4 5 2 0 4 1 0 1 0 27/44 24:48 4:07 2:02
Nate Prosser 0 0 0 1 0 1 2 0 0 2 0/0 19:06 2:36 1:38
P.J. Axelsson 0 0 0 1 0 1 0 0 1 0 0/0 11:13 0:22 0:19
Patric Hornqvist 0 1 1 2 0 3 1 0 0 0 0/0 16:41 3:16 0:52
Rhett Warrener 1 3 4 3 0 2 1 2 0 0 0/0 30:14 5:09 1:35
Rostislav Klesla 0 1 1 1 2 0 0 0 0 0 0/0 20:13 3:09 0:40
Sean Zimmerman 0 0 0 2 0 3 3 2 0 0 0/0 22:05 3:17 1:35
Sergei Shirokov 1 0 1 2 0 4 1 2 2 1 1/1 14:40 0:08 0:19
Theo Peckham 0 0 0 2 0 0 0 0 0 0 0/0 12:40 0:01 0:58
Tyler Brenner 0 0 0 0 0 1 1 1 0 0 1/2 7:17 0:00 0:00
Players Stats for Machettes
Player Name G A P +/- PIM S H SB GA TA FO MP PP MP PK MP
------------------------------------------------------------------------------------
Alec Martinez 0 0 0 -2 0 0 2 0 0 0 0/0 12:29 0:00 1:26
Andrew MacDonald 0 0 0 -2 0 0 1 0 0 0 0/0 12:07 0:00 0:11
Angelo Esposito 0 0 0 -1 0 1 1 0 0 0 1/1 8:09 0:00 0:00
Cory Emmerton 0 0 0 -1 2 1 0 0 1 0 9/17 15:05 1:09 0:00
Dustin Jeffrey 0 0 0 -1 0 1 1 1 0 0 0/0 9:17 0:19 0:00
James Wisniewski 1 1 2 -2 0 2 1 2 0 1 0/0 19:48 1:19 2:53
John Mitchell 0 0 0 -1 0 5 0 0 0 0 15/37 18:50 1:45 0:30
Keith Yandle 0 1 1 -2 0 0 0 2 0 3 0/0 19:59 1:19 2:52
Matt Keith 0 0 0 -2 0 0 1 0 0 0 1/1 11:43 0:00 2:19
Michal Repik 0 0 0 -1 0 0 1 0 0 0 0/0 8:09 0:00 0:00
Mike Lundin 0 1 1 -1 2 3 0 2 0 1 0/0 27:56 1:54 3:52
Peter Olvecky 0 0 0 -1 0 0 1 0 0 0 1/2 15:56 1:09 0:50
Sergei Kostitsyn 0 2 2 -1 0 6 1 0 1 1 1/1 21:06 1:45 2:19
Stefan Ruzicka 1 1 2 0 7 3 0 1 1 0 2/7 20:06 1:45 3:23
Stephane Da Costa 0 0 0 -2 0 1 0 0 0 0 3/7 10:59 0:00 2:02
Steven Goertzen 0 0 0 -1 0 6 1 0 0 1 0/1 19:56 1:09 4:09
Tom Gilbert 1 0 1 -1 2 2 2 0 1 0 0/0 27:59 2:13 4:18
Tyler McNeely 0 0 0 -3 4 0 2 1 0 1 1/1 11:18 0:19 0:00
3 Stars
1 - Michael Nylander (Cal)
2 - Rhett Warrener (Cal)
3 - Brad Winchester (Cal)
Power Play
Princes - 1 on 6 Attempt(s) - 16,67%
Machettes - 2 on 3 Attempt(s) - 66,67%
Penalty Kill
Princes - 1 on 3 Attempt(s) - 33,33%
- Score 0 goal in Penalty Kill
Machettes - 5 on 6 Attempt(s) - 83,33%
- Score 0 goal in Penalty Kill
Official
Referees : Charron Francis and McCreary Bill
Linesman : Steve Miller and Pierre Racicot
Game Notes
Brian McGrattan beats up Stefan Ruzicka at 0:43 of 2nd period
Sean Zimmerman is injured at 6:25 of 3rd period (Strained Right Elbow)
Brad Winchester is injured at 16:21 of 3rd period (Right Eye)
Princes
5 vs 5 Forward
Center Left Wing Right Wing Time % Phy DF OF
1 Michael Nylander Brad Winchester Brian McGrattan 40 1 2 2
2 Gilbert Brule David Perron Patric Hornqvist 30 1 2 2
3 Colin Fraser P.J. Axelsson Sergei Shirokov 20 1 2 2
4 Tyler Brenner Mason Raymond Jonathan Tremblay 10 1 2 2
5 vs 5 Defense
Defense Defense Time % Phy DF OF
1 Rhett Warrener Sean Zimmerman 40 1 2 2
2 Rostislav Klesla Nate Prosser 30 1 2 2
3 Kevin Shattenkirk Theo Peckham 20 1 2 2
4 Rhett Warrener Sean Zimmerman 10 1 2 2
PowerPlay Forward
Center Left Wing Right Wing Time % Phy DF OF
1 Michael Nylander Brad Winchester Brian McGrattan 60 1 2 2
2 Gilbert Brule David Perron Patric Hornqvist 40 1 2 2
PowerPlay Defense
Defense Defense Time % Phy DF OF
1 Rhett Warrener Sean Zimmerman 60 1 2 2
2 Rostislav Klesla Nate Prosser 40 1 2 2
Penalty Kill 4 Players Forward
Center Wing Time % Phy DF OF
1 Michael Nylander Brian McGrattan 60 1 2 2
2 Brad Winchester Patric Hornqvist 40 1 2 2
Penalty Kill 4 Players Defense
Defense Defense Time % Phy DF OF
1 Rhett Warrener Sean Zimmerman 60 1 2 2
2 Rostislav Klesla Nate Prosser 40 1 2 2
Penalty Kill - 3 Players Forward
Forward Time % Phy DF OF
1 Michael Nylander 60 1 2 2
2 Brian McGrattan 40 1 2 2
Penalty Kill - 3 Players Defense
Defense Defense Time % Phy DF OF
1 Rhett Warrener Sean Zimmerman 60 1 2 2
2 Rostislav Klesla Nate Prosser 40 1 2 2
4 vs 4 Forward
Center Wing Time % Phy DF OF
1 Michael Nylander Brian McGrattan 60 1 2 2
2 Brad Winchester Patric Hornqvist 40 1 2 2
4 vs 4 Defense
Defense Defense Time % Phy DF OF
1 Rhett Warrener Sean Zimmerman 60 1 2 2
2 Rostislav Klesla Nate Prosser 40 1 2 2
Last Minutes Offensive
Center Left Wing Right Wing Defense Defense
Michael Nylander Brad Winchester Brian McGrattan Rhett Warrener Sean Zimmerman
Last Minutes Defensive
Center Left Wing Right Wing Defense Defense
Michael Nylander Brad Winchester Brian McGrattan Rhett Warrener Sean Zimmerman
Goaltenders
Starting : Jonathan Bernier
Backup : Manny Legace
Extra Forwards
Normal : Sergei Shirokov, P.J. Axelsson, Jonathan Tremblay - PP : Sergei Shirokov, P.J. Axelsson - PK : Jonathan Tremblay
Extra Defensemen
Normal : Kevin Shattenkirk, Theo Peckham, Rostislav Klesla - PP : Kevin Shattenkirk - PK : Theo Peckham, Rostislav Klesla
Penalty Shots
Michael Nylander, Brian McGrattan, Brad Winchester, Patric Hornqvist, Sergei Shirokov
Machettes
5 vs 5 Forward
Center Left Wing Right Wing Time % Phy DF OF
1 John Mitchell Sergei Kostitsyn Stefan Ruzicka 40 1 2 2
2 Cory Emmerton Peter Olvecky Steven Goertzen 30 1 2 2
3 Stephane Da Costa Tyler McNeely Matt Keith 20 1 2 2
4 Angelo Esposito Dustin Jeffrey Michal Repik 10 1 2 2
5 vs 5 Defense
Defense Defense Time % Phy DF OF
1 Mike Lundin Tom Gilbert 40 1 2 2
2 James Wisniewski Keith Yandle 30 1 2 2
3 Andrew MacDonald Alec Martinez 20 1 2 2
4 Mike Lundin Tom Gilbert 10 1 2 2
PowerPlay Forward
Center Left Wing Right Wing Time % Phy DF OF
1 John Mitchell Sergei Kostitsyn Stefan Ruzicka 60 1 2 2
2 Cory Emmerton Peter Olvecky Steven Goertzen 40 1 2 2
PowerPlay Defense
Defense Defense Time % Phy DF OF
1 Mike Lundin Tom Gilbert 60 1 2 2
2 James Wisniewski Keith Yandle 40 1 2 2
Penalty Kill 4 Players Forward
Center Wing Time % Phy DF OF
1 Stefan Ruzicka Steven Goertzen 60 1 2 2
2 Sergei Kostitsyn Matt Keith 40 1 2 2
Penalty Kill 4 Players Defense
Defense Defense Time % Phy DF OF
1 Mike Lundin Tom Gilbert 60 1 2 2
2 James Wisniewski Keith Yandle 40 1 2 2
Penalty Kill - 3 Players Forward
Forward Time % Phy DF OF
1 Stefan Ruzicka 60 1 2 2
2 Steven Goertzen 40 1 2 2
Penalty Kill - 3 Players Defense
Defense Defense Time % Phy DF OF
1 Mike Lundin Tom Gilbert 60 1 2 2
2 James Wisniewski Keith Yandle 40 1 2 2
4 vs 4 Forward
Center Wing Time % Phy DF OF
1 Stefan Ruzicka Steven Goertzen 60 1 2 2
2 Sergei Kostitsyn Matt Keith 40 1 2 2
4 vs 4 Defense
Defense Defense Time % Phy DF OF
1 Mike Lundin Tom Gilbert 60 1 2 2
2 James Wisniewski Keith Yandle 40 1 2 2
Last Minutes Offensive
Center Left Wing Right Wing Defense Defense
John Mitchell Sergei Kostitsyn Stefan Ruzicka Mike Lundin Tom Gilbert
Last Minutes Defensive
Center Left Wing Right Wing Defense Defense
John Mitchell Sergei Kostitsyn Stefan Ruzicka Mike Lundin Tom Gilbert
Goaltenders
Starting : Mathieu Garon
Backup : Marek Schwarz
Extra Forwards
Normal : Tyler McNeely, Dustin Jeffrey, Stephane Da Costa - PP : Tyler McNeely, Dustin Jeffrey - PK : Stephane Da Costa
Extra Defensemen
Normal : Andrew MacDonald, Alec Martinez, James Wisniewski - PP : Andrew MacDonald - PK : Alec Martinez, James Wisniewski
Penalty Shots
Stefan Ruzicka, Steven Goertzen, Sergei Kostitsyn, Matt Keith, John Mitchell
% Time on Ice - Princes
Lines # - Real PCT - Wanted PCT - Time Play
Normal Forward
1 - 38% - 40% - 18:19
2 - 26% - 30% - 12:14
3 - 21% - 20% - 9:56
4 - 15% - 10% - 7:17
Normal Defense
1 - 43% - 40% - 20:25
2 - 29% - 30% - 14:04
3 - 22% - 20% - 10:39
4 - 6% - 10% - 2:38
PP Forward
1 - 58% - 60% - 4:30
2 - 42% - 40% - 3:16
PP Defense
1 - 67% - 60% - 5:10
2 - 33% - 40% - 2:36
PK Forward
1 - 73% - 60% - 2:21
2 - 27% - 40% - 0:52
PK Defense
1 - 49% - 60% - 1:35
2 - 51% - 40% - 1:38
PK3 Forward
1 - 0% - 60%
2 - 0% - 40%
PK3 Defense
1 - 0% - 60%
2 - 0% - 40%
44 Forward
1 - 75% - 60% - 0:56
2 - 25% - 40% - 0:19
44 Defense
1 - 36% - 60% - 0:27
2 - 64% - 40% - 0:48
Last Minute Offensive - 0:00
Last Minute Defensive - 0:00
Total
Forward - 60:00
Defense - 60:00
|
% Time on Ice - Machettes
Lines # - Real PCT - Wanted PCT - Time Play
Normal Forward
1 - 35% - 40% - 16:35
2 - 29% - 30% - 14:05
3 - 19% - 20% - 8:57
4 - 17% - 10% - 8:09
Normal Defense
1 - 41% - 40% - 19:41
2 - 31% - 30% - 15:02
3 - 23% - 20% - 11:03
4 - 4% - 10% - 2:00
PP Forward
1 - 64% - 60% - 2:04
2 - 36% - 40% - 1:09
PP Defense
1 - 59% - 60% - 1:54
2 - 41% - 40% - 1:19
PK Forward
1 - 70% - 60% - 5:27
2 - 30% - 40% - 2:19
PK Defense
1 - 65% - 60% - 5:05
2 - 35% - 40% - 2:41
PK3 Forward
1 - 0% - 60%
2 - 0% - 40%
PK3 Defense
1 - 0% - 60%
2 - 0% - 40%
44 Forward
1 - 75% - 60% - 0:56
2 - 25% - 40% - 0:19
44 Defense
1 - 55% - 60% - 0:41
2 - 45% - 40% - 0:34
Last Minute Offensive - 0:00
Last Minute Defensive - 0:00
Total
Forward - 60:00
Defense - 60:00
|
Play by Play
1st period
0:01 of 1st period - John Mitchell wins face-off versus Michael Nylander in neutral zone.
0:08 of 1st period - Snap shot by Stefan Ruzicka.
0:08 of 1st period - Stopped by Jonathan Bernier without a rebound.
0:09 of 1st period - Michael Nylander wins face-off versus John Mitchell in Princes zone.
1:20 of 1st period - Slapshot by John Mitchell.
1:20 of 1st period - Deflect By Stefan Ruzicka.
1:20 of 1st period - Stopped by Jonathan Bernier with a rebound.
1:22 of 1st period - Slapshot by Mike Lundin.
1:22 of 1st period - Shot Misses the Net.
1:32 of 1st period - Wrist shot by Brian McGrattan.
1:32 of 1st period - Shot Misses the Net.
1:40 of 1st period - Wrist shot by Stefan Ruzicka.
1:40 of 1st period - Shot Blocked by Brad Winchester.
1:50 of 1st period - Slapshot by Stefan Ruzicka.
1:50 of 1st period - Deflect By John Mitchell.
1:50 of 1st period - Shot Misses the Net.
1:50 of 1st period - Puck is out of play.
1:51 of 1st period - Gilbert Brule wins face-off versus Cory Emmerton in Princes zone.
3:15 of 1st period - Snap shot by Sergei Shirokov.
3:15 of 1st period - Deflect By Colin Fraser.
3:15 of 1st period - Shot Blocked by Keith Yandle.
3:15 of 1st period - Puck is out of play.
3:16 of 1st period - Colin Fraser wins face-off versus Stephane Da Costa in Machettes zone.
3:30 of 1st period - Slapshot by Andrew MacDonald.
3:30 of 1st period - Shot Misses the Net.
3:46 of 1st period - Sergei Shirokov is hit by Alec Martinez and loses puck.
4:41 of 1st period - Wrist shot by P.J. Axelsson.
4:41 of 1st period - Deflect By Colin Fraser.
4:41 of 1st period - Shot Misses the Net.
4:41 of 1st period - Puck is out of play.
4:42 of 1st period - Cory Emmerton wins face-off versus Gilbert Brule in Machettes zone.
5:14 of 1st period - Wrist shot by Brad Winchester.
5:14 of 1st period - Stopped by Mathieu Garon with a rebound.
5:16 of 1st period - Slapshot by Rostislav Klesla.
5:16 of 1st period - Shot Blocked by James Wisniewski.
5:50 of 1st period - Snap shot by David Perron.
5:50 of 1st period - Stopped by Mathieu Garon with a rebound.
5:52 of 1st period - Snap shot by Gilbert Brule.
5:52 of 1st period - Stopped by Mathieu Garon with a rebound.
5:59 of 1st period - Minor Penalty to Kevin Shattenkirk for Holding.
6:00 of 1st period - Michael Nylander wins face-off versus John Mitchell in Princes zone.
6:33 of 1st period - Snap shot by Steven Goertzen.
6:33 of 1st period - Stopped by Jonathan Bernier without a rebound.
6:34 of 1st period - Brad Winchester wins face-off versus John Mitchell in Princes zone.
6:40 of 1st period - Icing by Stefan Ruzicka.
6:41 of 1st period - John Mitchell wins face-off versus Michael Nylander in Machettes zone.
6:52 of 1st period - Wrist shot by Sergei Kostitsyn.
6:52 of 1st period - Stopped by Jonathan Bernier with a rebound.
6:54 of 1st period - Slapshot by James Wisniewski.
6:54 of 1st period - Goal by James Wisniewski - Princes : 0 - Machettes : 1.
6:55 of 1st period - Cory Emmerton wins face-off versus Gilbert Brule in neutral zone.
7:08 of 1st period - Snap shot by Patric Hornqvist.
7:08 of 1st period - Shot Misses the Net.
7:56 of 1st period - Snap shot by Brian McGrattan.
7:56 of 1st period - Stopped by Mathieu Garon without a rebound.
7:57 of 1st period - Cory Emmerton wins face-off versus Tyler Brenner in Machettes zone.
8:45 of 1st period - Snap shot by P.J. Axelsson.
8:45 of 1st period - Stopped by Mathieu Garon without a rebound.
8:46 of 1st period - Colin Fraser wins face-off versus Cory Emmerton in Machettes zone.
9:08 of 1st period - Icing by Rostislav Klesla.
9:09 of 1st period - John Mitchell wins face-off versus Michael Nylander in Princes zone.
9:22 of 1st period - Snap shot by Brian McGrattan.
9:22 of 1st period - Stopped by Mathieu Garon without a rebound.
9:23 of 1st period - Cory Emmerton wins face-off versus Gilbert Brule in Machettes zone.
9:30 of 1st period - Slapshot by Cory Emmerton.
9:30 of 1st period - Shot Misses the Net.
9:32 of 1st period - Wrist shot by Peter Olvecky.
9:32 of 1st period - Deflect By Gilbert Brule.
9:32 of 1st period - Shot Blocked by Sean Zimmerman.
9:32 of 1st period - Puck is out of play.
9:33 of 1st period - Gilbert Brule wins face-off versus Cory Emmerton in Princes zone.
9:46 of 1st period - Slapshot by Steven Goertzen.
9:46 of 1st period - Stopped by Jonathan Bernier without a rebound.
9:47 of 1st period - John Mitchell wins face-off versus Michael Nylander in Princes zone.
9:58 of 1st period - Minor Penalty to Tom Gilbert for Holding.
9:59 of 1st period - Michael Nylander wins face-off versus Stefan Ruzicka in Machettes zone.
10:04 of 1st period - Wrist shot by Brad Winchester.
10:04 of 1st period - Stopped by Mathieu Garon without a rebound.
10:05 of 1st period - Michael Nylander wins face-off versus Stefan Ruzicka in Machettes zone.
10:30 of 1st period - Mike Lundin is hit by Gilbert Brule and loses puck.
10:42 of 1st period - Minor Penalty to David Perron for Interference.
10:43 of 1st period - Brian McGrattan wins face-off versus Stefan Ruzicka in Princes zone.
11:58 of 1st period - Penalty to Tom Gilbert is over, Tom Gilbert is back on ice.
11:59 of 1st period - Wrist shot by Sergei Shirokov.
11:59 of 1st period - Shot Blocked by Keith Yandle.
12:05 of 1st period - P.J. Axelsson is hit by Tyler McNeely and loses puck.
12:16 of 1st period - Wrist shot by Tom Gilbert.
12:16 of 1st period - Goal by Tom Gilbert - Princes : 0 - Machettes : 2.
12:17 of 1st period - Michael Nylander wins face-off versus John Mitchell in neutral zone.
12:21 of 1st period - Minor Penalty to Stefan Ruzicka for Hooking.
12:22 of 1st period - Michael Nylander wins face-off versus Stephane Da Costa in Machettes zone.
12:35 of 1st period - Wrist shot by Brian McGrattan.
12:35 of 1st period - Stopped by Mathieu Garon without a rebound.
12:36 of 1st period - Stephane Da Costa wins face-off versus Michael Nylander in Machettes zone.
12:55 of 1st period - Mike Lundin is hit by Sean Zimmerman and loses puck.
13:46 of 1st period - Slapshot by Brad Winchester.
13:46 of 1st period - Stopped by Mathieu Garon with a rebound.
13:48 of 1st period - Snap shot by Brian McGrattan.
13:48 of 1st period - Stopped by Mathieu Garon without a rebound.
13:49 of 1st period - Stephane Da Costa wins face-off versus Gilbert Brule in Machettes zone.
14:21 of 1st period - Penalty to Stefan Ruzicka is over, Stefan Ruzicka is back on ice.
15:11 of 1st period - Snap shot by Mason Raymond.
15:11 of 1st period - Stopped by Mathieu Garon without a rebound.
15:12 of 1st period - Tyler Brenner wins face-off versus Cory Emmerton in Machettes zone.
15:19 of 1st period - Wrist shot by Mason Raymond.
15:19 of 1st period - Deflect By Tyler Brenner.
15:19 of 1st period - Shot Misses the Net.
15:19 of 1st period - Puck is out of play.
15:20 of 1st period - John Mitchell wins face-off versus Michael Nylander in Machettes zone.
15:50 of 1st period - Mike Lundin is hit by Sean Zimmerman and loses puck.
16:41 of 1st period - Slapshot by James Wisniewski.
16:41 of 1st period - Stopped by Jonathan Bernier with a rebound.
16:43 of 1st period - Slapshot by James Wisniewski.
16:43 of 1st period - Deflect By Dustin Jeffrey.
16:43 of 1st period - Stopped by Jonathan Bernier without a rebound.
16:44 of 1st period - John Mitchell wins face-off versus Colin Fraser in Princes zone.
17:09 of 1st period - Snap shot by Gilbert Brule.
17:09 of 1st period - Goal by Gilbert Brule - Princes : 1 - Machettes : 2.
17:10 of 1st period - John Mitchell wins face-off versus Michael Nylander in neutral zone.
17:35 of 1st period - Peter Olvecky is hit by Gilbert Brule.
17:54 of 1st period - Minor Penalty to Tyler McNeely for Hooking.
17:55 of 1st period - Michael Nylander wins face-off versus Stefan Ruzicka in Machettes zone.
18:08 of 1st period - Wrist shot by Brian McGrattan.
18:08 of 1st period - Stopped by Mathieu Garon with a rebound.
18:10 of 1st period - Wrist shot by Michael Nylander.
18:10 of 1st period - Stopped by Mathieu Garon with a rebound.
18:20 of 1st period - Snap shot by Patric Hornqvist.
18:20 of 1st period - Shot Hit the Post.
18:22 of 1st period - Slapshot by Sean Zimmerman.
18:22 of 1st period - Stopped by Mathieu Garon with a rebound.
18:24 of 1st period - Snap shot by Patric Hornqvist.
18:24 of 1st period - Stopped by Mathieu Garon with a rebound.
18:26 of 1st period - Snap shot by Rhett Warrener.
18:26 of 1st period - Deflect By Patric Hornqvist.
18:26 of 1st period - Shot Blocked by Mike Lundin.
18:26 of 1st period - Puck is out of play.
18:27 of 1st period - Michael Nylander wins face-off versus Stefan Ruzicka in Machettes zone.
18:42 of 1st period - Wrist shot by Brian McGrattan.
18:42 of 1st period - Stopped by Mathieu Garon with a rebound.
19:54 of 1st period - Penalty to Tyler McNeely is over, Tyler McNeely is back on ice.
2nd period
0:01 of 2nd period - Michael Nylander wins face-off versus John Mitchell in neutral zone.
0:06 of 2nd period - Snap shot by Michael Nylander.
0:06 of 2nd period - Deflect By Brad Winchester.
0:06 of 2nd period - Shot Misses the Net.
0:06 of 2nd period - Puck is out of play.
0:07 of 2nd period - Michael Nylander wins face-off versus John Mitchell in Machettes zone.
0:08 of 2nd period - Snap shot by Brian McGrattan.
0:08 of 2nd period - Shot Misses the Net.
0:10 of 2nd period - Wrist shot by Rhett Warrener.
0:10 of 2nd period - Shot Blocked by Stefan Ruzicka.
0:12 of 2nd period - Snap shot by Brian McGrattan.
0:12 of 2nd period - Stopped by Mathieu Garon with a rebound.
0:14 of 2nd period - Slapshot by Sean Zimmerman.
0:14 of 2nd period - Stopped by Mathieu Garon without a rebound.
0:15 of 2nd period - Michael Nylander wins face-off versus John Mitchell in Machettes zone.
0:28 of 2nd period - Slapshot by Stefan Ruzicka.
0:28 of 2nd period - Goal by Stefan Ruzicka - Princes : 1 - Machettes : 3.
0:29 of 2nd period - Michael Nylander wins face-off versus John Mitchell in neutral zone.
0:43 of 2nd period - Brian McGrattan beats up Stefan Ruzicka.
0:43 of 2nd period - Penalty to Stefan Ruzicka for Fighting.
0:43 of 2nd period - Penalty to Brian McGrattan for Fighting.
0:44 of 2nd period - Michael Nylander wins face-off versus John Mitchell in neutral zone.
0:56 of 2nd period - Wrist shot by Brad Winchester.
0:56 of 2nd period - Goal by Brad Winchester - Princes : 2 - Machettes : 3.
0:57 of 2nd period - Michael Nylander wins face-off versus John Mitchell in neutral zone.
1:55 of 2nd period - Mike Lundin is hit by Nate Prosser and loses puck.
2:03 of 2nd period - Icing by Tom Gilbert.
2:04 of 2nd period - Matt Keith wins face-off versus Colin Fraser in Machettes zone.
2:34 of 2nd period - Snap shot by Sergei Kostitsyn.
2:34 of 2nd period - Stopped by Jonathan Bernier with a rebound.
3:12 of 2nd period - Alec Martinez is hit by Mason Raymond and loses puck.
3:49 of 2nd period - Snap shot by Sergei Shirokov.
3:49 of 2nd period - Shot Blocked by Mike Lundin.
3:51 of 2nd period - Wrist shot by Sergei Shirokov.
3:51 of 2nd period - Shot Misses the Net.
3:53 of 2nd period - Slapshot by Nate Prosser.
3:53 of 2nd period - Stopped by Mathieu Garon without a rebound.
3:54 of 2nd period - Michael Nylander wins face-off versus Cory Emmerton in Machettes zone.
4:06 of 2nd period - Wrist shot by Michael Nylander.
4:06 of 2nd period - Deflect By Jonathan Tremblay.
4:06 of 2nd period - Shot Misses the Net.
4:06 of 2nd period - Puck is out of play.
4:07 of 2nd period - John Mitchell wins face-off versus Michael Nylander in Machettes zone.
4:14 of 2nd period - Minor Penalty to Tyler McNeely for Hooking.
4:15 of 2nd period - Michael Nylander wins face-off versus Stephane Da Costa in Machettes zone.
4:20 of 2nd period - Slapshot by Michael Nylander.
4:20 of 2nd period - Goal by Michael Nylander - Princes : 3 - Machettes : 3.
4:21 of 2nd period - Michael Nylander wins face-off versus John Mitchell in neutral zone.
4:26 of 2nd period - Wrist shot by Brad Winchester.
4:26 of 2nd period - Stopped by Mathieu Garon without a rebound.
4:27 of 2nd period - Sergei Shirokov wins face-off versus John Mitchell in Machettes zone.
4:30 of 2nd period - Wrist shot by Brad Winchester.
4:30 of 2nd period - Stopped by Mathieu Garon with a rebound.
4:54 of 2nd period - Snap shot by Mike Lundin.
4:54 of 2nd period - Stopped by Jonathan Bernier with a rebound.
5:00 of 2nd period - Wrist shot by David Perron.
5:00 of 2nd period - Shot Misses the Net.
5:02 of 2nd period - Slapshot by Rhett Warrener.
5:02 of 2nd period - Deflect By Tom Gilbert.
5:02 of 2nd period - Stopped by Mathieu Garon without a rebound.
5:03 of 2nd period - Tyler McNeely wins face-off versus Michael Nylander in Machettes zone.
5:14 of 2nd period - Slapshot by Keith Yandle.
5:14 of 2nd period - Shot Misses the Net.
5:16 of 2nd period - Wrist shot by Sergei Kostitsyn.
5:16 of 2nd period - Stopped by Jonathan Bernier without a rebound.
5:17 of 2nd period - Cory Emmerton wins face-off versus Gilbert Brule in Princes zone.
5:20 of 2nd period - Snap shot by Cory Emmerton.
5:20 of 2nd period - Stopped by Jonathan Bernier with a rebound.
5:24 of 2nd period - Snap shot by Steven Goertzen.
5:24 of 2nd period - Stopped by Jonathan Bernier without a rebound.
5:25 of 2nd period - Gilbert Brule wins face-off versus Cory Emmerton in Princes zone.
5:32 of 2nd period - Snap shot by Steven Goertzen.
5:32 of 2nd period - Stopped by Jonathan Bernier without a rebound.
5:33 of 2nd period - Michael Nylander wins face-off versus John Mitchell in Princes zone.
5:33 of 2nd period - Michael Nylander is hit by Tyler McNeely.
5:39 of 2nd period - Snap shot by John Mitchell.
5:39 of 2nd period - Shot Blocked by Brad Winchester.
6:22 of 2nd period - James Wisniewski is hit by Patric Hornqvist and loses puck.
7:21 of 2nd period - Off-side.
7:22 of 2nd period - John Mitchell wins face-off versus Brian McGrattan in neutral zone.
7:49 of 2nd period - Tyler McNeely is hit by Rhett Warrener and loses puck.
8:16 of 2nd period - Snap shot by Mason Raymond.
8:16 of 2nd period - Stopped by Mathieu Garon with a rebound.
8:18 of 2nd period - Snap shot by Tyler Brenner.
8:18 of 2nd period - Stopped by Mathieu Garon with a rebound.
8:49 of 2nd period - Slapshot by Mike Lundin.
8:49 of 2nd period - Shot Misses the Net.
9:28 of 2nd period - Icing by Matt Keith.
9:29 of 2nd period - Michael Nylander wins face-off versus Stephane Da Costa in Machettes zone.
9:42 of 2nd period - Slapshot by Stephane Da Costa.
9:42 of 2nd period - Shot Misses the Net.
9:56 of 2nd period - Stefan Ruzicka is hit by Jonathan Tremblay.
10:17 of 2nd period - Wrist shot by Gilbert Brule.
10:17 of 2nd period - Stopped by Mathieu Garon with a rebound.
10:30 of 2nd period - Minor Penalty to Rostislav Klesla for Hooking.
10:31 of 2nd period - Michael Nylander wins face-off versus John Mitchell in Princes zone.
11:09 of 2nd period - Icing by Mike Lundin.
11:10 of 2nd period - Brad Winchester wins face-off versus Cory Emmerton in Machettes zone.
11:37 of 2nd period - Slapshot by Tom Gilbert.
11:37 of 2nd period - Deflect By Sergei Kostitsyn.
11:37 of 2nd period - Shot Hit the Post.
11:37 of 2nd period - Puck is out of play.
11:38 of 2nd period - John Mitchell wins face-off versus Michael Nylander in Princes zone.
12:30 of 2nd period - Penalty to Rostislav Klesla is over, Rostislav Klesla is back on ice.
13:20 of 2nd period - Rhett Warrener is hit by Andrew MacDonald and loses puck.
13:23 of 2nd period - Slapshot by Sean Zimmerman.
13:23 of 2nd period - Stopped by Mathieu Garon with a rebound.
13:39 of 2nd period - Tyler Brenner is hit by Alec Martinez.
13:47 of 2nd period - Alec Martinez is hit by Mason Raymond and loses puck.
14:16 of 2nd period - Keith Yandle is hit by Gilbert Brule and loses puck.
14:42 of 2nd period - Mike Lundin is hit by Nate Prosser and loses puck.
14:55 of 2nd period - Mike Lundin is hit by Brian McGrattan and loses puck.
15:16 of 2nd period - Tom Gilbert is hit by Tyler Brenner and loses puck.
15:29 of 2nd period - Slapshot by Mike Lundin.
15:29 of 2nd period - Stopped by Jonathan Bernier with a rebound.
15:45 of 2nd period - Snap shot by Sergei Shirokov.
15:45 of 2nd period - Stopped by Mathieu Garon without a rebound.
15:46 of 2nd period - Colin Fraser wins face-off versus John Mitchell in Machettes zone.
15:51 of 2nd period - Wrist shot by P.J. Axelsson.
15:51 of 2nd period - Shot Misses the Net.
15:53 of 2nd period - Wrist shot by Colin Fraser.
15:53 of 2nd period - Shot Misses the Net.
16:13 of 2nd period - Michael Nylander is hit by Steven Goertzen and loses puck.
16:43 of 2nd period - Snap shot by Patric Hornqvist.
16:43 of 2nd period - Stopped by Mathieu Garon with a rebound.
18:14 of 2nd period - Mike Lundin is hit by Jonathan Tremblay and loses puck.
18:37 of 2nd period - Cory Emmerton is hit by Sean Zimmerman.
19:25 of 2nd period - Snap shot by Gilbert Brule.
19:25 of 2nd period - Stopped by Mathieu Garon with a rebound.
19:27 of 2nd period - Slapshot by Theo Peckham.
19:27 of 2nd period - Shot Blocked by James Wisniewski.
19:29 of 2nd period - Slapshot by Kevin Shattenkirk.
19:29 of 2nd period - Stopped by Mathieu Garon without a rebound.
19:30 of 2nd period - Michael Nylander wins face-off versus John Mitchell in Machettes zone.
3rd period
0:01 of 3rd period - Brian McGrattan wins face-off versus John Mitchell in neutral zone.
0:13 of 3rd period - Slapshot by Tom Gilbert.
0:13 of 3rd period - Shot Blocked by Rhett Warrener.
0:25 of 3rd period - Cory Emmerton is hit by David Perron and loses puck.
0:54 of 3rd period - Snap shot by Sergei Shirokov.
0:54 of 3rd period - Stopped by Mathieu Garon without a rebound.
0:55 of 3rd period - Angelo Esposito wins face-off versus Michael Nylander in Machettes zone.
1:00 of 3rd period - Keith Yandle is hit by Brad Winchester and loses puck.
1:07 of 3rd period - Slapshot by Brad Winchester.
1:07 of 3rd period - Shot Misses the Net.
1:09 of 3rd period - Snap shot by Michael Nylander.
1:09 of 3rd period - Deflect By Brad Winchester.
1:09 of 3rd period - Shot Misses the Net.
1:09 of 3rd period - Puck is out of play.
1:10 of 3rd period - Gilbert Brule wins face-off versus John Mitchell in Machettes zone.
1:23 of 3rd period - Wrist shot by David Perron.
1:23 of 3rd period - Stopped by Mathieu Garon with a rebound.
1:25 of 3rd period - Snap shot by Patric Hornqvist.
1:25 of 3rd period - Stopped by Mathieu Garon without a rebound.
1:26 of 3rd period - Michael Nylander wins face-off versus Cory Emmerton in Machettes zone.
1:37 of 3rd period - Wrist shot by Brian McGrattan.
1:37 of 3rd period - Stopped by Mathieu Garon with a rebound.
1:39 of 3rd period - Slapshot by Rhett Warrener.
1:39 of 3rd period - Goal by Rhett Warrener - Princes : 4 - Machettes : 3.
1:40 of 3rd period - John Mitchell wins face-off versus Michael Nylander in neutral zone.
2:09 of 3rd period - Peter Olvecky is hit by David Perron.
3:11 of 3rd period - Snap shot by Stefan Ruzicka.
3:11 of 3rd period - Shot Blocked by Tyler Brenner.
4:04 of 3rd period - Snap shot by Sergei Shirokov.
4:04 of 3rd period - Goal by Sergei Shirokov - Princes : 5 - Machettes : 3.
4:05 of 3rd period - John Mitchell wins face-off versus Michael Nylander in neutral zone.
4:08 of 3rd period - Michael Nylander is hit by Sergei Kostitsyn and loses puck.
4:44 of 3rd period - Wrist shot by Sergei Shirokov.
4:44 of 3rd period - Stopped by Mathieu Garon without a rebound.
4:45 of 3rd period - Cory Emmerton wins face-off versus Michael Nylander in Machettes zone.
4:51 of 3rd period - Off-side.
4:52 of 3rd period - Michael Nylander wins face-off versus Peter Olvecky in neutral zone.
4:55 of 3rd period - Peter Olvecky is hit by Brian McGrattan and loses puck.
5:40 of 3rd period - Wrist shot by Stefan Ruzicka.
5:40 of 3rd period - Shot Misses the Net.
5:42 of 3rd period - Slapshot by Keith Yandle.
5:42 of 3rd period - Shot Blocked by Sergei Shirokov.
5:44 of 3rd period - Slapshot by James Wisniewski.
5:44 of 3rd period - Deflect By John Mitchell.
5:44 of 3rd period - Stopped by Jonathan Bernier without a rebound.
5:45 of 3rd period - Sergei Kostitsyn wins face-off versus Michael Nylander in Princes zone.
5:48 of 3rd period - Wrist shot by Sergei Kostitsyn.
5:48 of 3rd period - Deflect By Stefan Ruzicka.
5:48 of 3rd period - Shot Misses the Net.
5:48 of 3rd period - Puck is out of play.
5:49 of 3rd period - Michael Nylander wins face-off versus John Mitchell in Princes zone.
6:00 of 3rd period - Wrist shot by Stefan Ruzicka.
6:00 of 3rd period - Shot Blocked by Sean Zimmerman.
6:02 of 3rd period - Slapshot by Tom Gilbert.
6:02 of 3rd period - Shot Misses the Net.
6:04 of 3rd period - Slapshot by Mike Lundin.
6:04 of 3rd period - Deflect By John Mitchell.
6:04 of 3rd period - Stopped by Jonathan Bernier with a rebound.
6:24 of 3rd period - Sean Zimmerman is hit by Matt Keith and loses puck.
6:25 of 3rd period - Sean Zimmerman from Princes is injured at 6:25 of 3rd period (Strained Right Elbow).
6:26 of 3rd period - John Mitchell wins face-off versus Brian McGrattan in Princes zone.
6:31 of 3rd period - Snap shot by John Mitchell.
6:31 of 3rd period - Stopped by Jonathan Bernier with a rebound.
6:33 of 3rd period - Snap shot by Stefan Ruzicka.
6:33 of 3rd period - Shot Misses the Net.
6:35 of 3rd period - Wrist shot by Mike Lundin.
6:35 of 3rd period - Shot Blocked by Rhett Warrener.
6:37 of 3rd period - Slapshot by Mike Lundin.
6:37 of 3rd period - Stopped by Jonathan Bernier with a rebound.
6:39 of 3rd period - Slapshot by Tom Gilbert.
6:39 of 3rd period - Stopped by Jonathan Bernier with a rebound.
6:41 of 3rd period - Slapshot by Tom Gilbert.
6:41 of 3rd period - Deflect By Sergei Kostitsyn.
6:41 of 3rd period - Stopped by Jonathan Bernier without a rebound.
6:42 of 3rd period - Cory Emmerton wins face-off versus Gilbert Brule in Princes zone.
7:07 of 3rd period - John Mitchell is hit by Michael Nylander and loses puck.
7:17 of 3rd period - Minor Penalty to Mike Lundin for Goalie Interference.
7:18 of 3rd period - Michael Nylander wins face-off versus Steven Goertzen in Machettes zone.
9:17 of 3rd period - Penalty to Mike Lundin is over, Mike Lundin is back on ice.
9:36 of 3rd period - P.J. Axelsson is hit by Tom Gilbert.
10:10 of 3rd period - Off-side.
10:11 of 3rd period - Cory Emmerton wins face-off versus Gilbert Brule in neutral zone.
10:43 of 3rd period - Snap shot by John Mitchell.
10:43 of 3rd period - Stopped by Jonathan Bernier without a rebound.
10:44 of 3rd period - Stefan Ruzicka wins face-off versus Colin Fraser in Princes zone.
12:03 of 3rd period - Slapshot by Tom Gilbert.
12:03 of 3rd period - Shot Misses the Net.
12:05 of 3rd period - Slapshot by Angelo Esposito.
12:05 of 3rd period - Stopped by Jonathan Bernier with a rebound.
12:13 of 3rd period - Kevin Shattenkirk is hit by Michal Repik and loses puck.
12:22 of 3rd period - Tyler Brenner is hit by Dustin Jeffrey and loses puck.
12:31 of 3rd period - Slapshot by James Wisniewski.
12:31 of 3rd period - Deflect By Dustin Jeffrey.
12:31 of 3rd period - Shot Misses the Net.
12:31 of 3rd period - Puck is out of play.
12:32 of 3rd period - John Mitchell wins face-off versus Michael Nylander in Princes zone.
12:45 of 3rd period - Snap shot by John Mitchell.
12:45 of 3rd period - Stopped by Jonathan Bernier without a rebound.
12:46 of 3rd period - Peter Olvecky wins face-off versus Gilbert Brule in Princes zone.
13:35 of 3rd period - Wrist shot by Gilbert Brule.
13:35 of 3rd period - Goal by Gilbert Brule - Princes : 6 - Machettes : 3.
13:36 of 3rd period - Michael Nylander wins face-off versus John Mitchell in neutral zone.
14:01 of 3rd period - Nate Prosser is hit by Peter Olvecky.
14:05 of 3rd period - Wrist shot by Sergei Shirokov.
14:05 of 3rd period - Shot Misses the Net.
15:03 of 3rd period - Rhett Warrener is hit by Angelo Esposito and loses puck.
15:40 of 3rd period - Slapshot by Michael Nylander.
15:40 of 3rd period - Stopped by Mathieu Garon with a rebound.
15:42 of 3rd period - Wrist shot by Michael Nylander.
15:42 of 3rd period - Stopped by Mathieu Garon with a rebound.
15:44 of 3rd period - Snap shot by Rostislav Klesla.
15:44 of 3rd period - Shot Blocked by Dustin Jeffrey.
15:50 of 3rd period - Wrist shot by Brad Winchester.
15:50 of 3rd period - Goal by Brad Winchester - Princes : 7 - Machettes : 3.
15:51 of 3rd period - John Mitchell wins face-off versus Gilbert Brule in neutral zone.
16:05 of 3rd period - Slapshot by Sergei Kostitsyn.
16:05 of 3rd period - Stopped by Jonathan Bernier without a rebound.
16:06 of 3rd period - Cory Emmerton wins face-off versus Colin Fraser in Princes zone.
16:19 of 3rd period - Slapshot by Steven Goertzen.
16:19 of 3rd period - Stopped by Jonathan Bernier without a rebound.
16:20 of 3rd period - Brad Winchester wins face-off versus John Mitchell in Princes zone.
16:20 of 3rd period - Brad Winchester is hit by Tom Gilbert.
16:21 of 3rd period - Brad Winchester from Princes is injured at 16:21 of 3rd period (Right Eye).
16:22 of 3rd period - Michael Nylander wins face-off versus John Mitchell in Princes zone.
16:27 of 3rd period - John Mitchell is hit by Sergei Shirokov and loses puck.
17:30 of 3rd period - Slapshot by Tom Gilbert.
17:30 of 3rd period - Shot Blocked by Sergei Shirokov.
17:32 of 3rd period - Slapshot by Stephane Da Costa.
17:32 of 3rd period - Stopped by Jonathan Bernier without a rebound.
17:33 of 3rd period - Stephane Da Costa wins face-off versus Michael Nylander in Princes zone.
17:42 of 3rd period - Snap shot by Michael Nylander.
17:42 of 3rd period - Shot Blocked by Tyler McNeely.
17:58 of 3rd period - Wrist shot by Brian McGrattan.
17:58 of 3rd period - Stopped by Mathieu Garon with a rebound.
18:34 of 3rd period - Sergei Shirokov is hit by James Wisniewski and loses puck.
18:43 of 3rd period - Slapshot by Steven Goertzen.
18:43 of 3rd period - Stopped by Jonathan Bernier with a rebound.
19:00 of 3rd period - Minor Penalty to Cory Emmerton for Hooking.
19:01 of 3rd period - Stefan Ruzicka wins face-off versus Gilbert Brule in Machettes zone.
19:33 of 3rd period - Wrist shot by Sergei Kostitsyn.
19:33 of 3rd period - Stopped by Jonathan Bernier with a rebound.
Output by the SimonT Hockey Simulator (STHS) for François Prévost -- Original Page W3C XHTML 1.0 Valid